 Dungeon Crawl Stone Soup version 0.21.1-1-g345015f (webtiles) character file.

334 lotte the Magician (level 6, 0/32 HPs)
             Began as a Deep Elf Wizard on July 1, 2018.
             Slain by a white imp (1 damage)
             ... summoned by the player character
             ... on level 4 of the Dungeon.
             The game lasted 00:32:00 (5998 turns).

lotte the Magician (Deep Elf Wizard)                Turns: 5998, Time: 00:32:00

Health: 0/32       AC:  3    Str:  4    XL:     6   Next: 27%
Magic:  16/18      EV: 13    Int: 25    God:
Gold:   87         SH:  0    Dex: 13    Spells: 14/20 levels left

rFire    . . .     SeeInvis .   h - +4 spear
rCold    . . .     Gourm    .   (no shield)
rNeg     . . .     Faith    .   a - +0 robe
rPois    +         Spirit   .   b - +0 hat
rElec    .         Reflect  .   (no cloak)
rCorr    .         Harm     .   (no gloves)
MR       .....                  j - +0 pair of boots
Stlth    ++........             (no amulet)
HPRegen  0.10/turn              v - ring of poison resistance
MPRegen  0.16/turn              (no ring)

@: no status effects
A: no striking features
a: no special abilities


You were on level 4 of the Dungeon.
You were hungry.

You visited 1 branch of the dungeon, and saw 4 of its levels.
You also visited: Sewer.

You collected 87 gold pieces.

Inventory:

Hand Weapons
 f - a +0 club
 h - a +4 spear (weapon)
 m - a +1 short sword of speed
 u - a +0 short sword
Armour
 a - a +0 robe (worn)
 b - a +0 hat (worn)
 j - a +0 pair of boots (worn)
Jewellery
 v - a ring of poison resistance (left hand)
Scrolls
 g - a scroll of immolation {unknown}
 i - 4 scrolls of remove curse {unknown}
 l - a scroll of enchant weapon {unknown}
 n - a scroll of enchant armour {unknown}
 o - a scroll of fog {unknown}
 t - 3 scrolls of teleportation {unknown}
 x - a scroll of noise {unknown}
Potions
 e - 2 potions of magic {unknown}
 k - a potion of might {unknown}
 p - 4 potions of haste {unknown}
 q - 2 potions of heal wounds {unknown}
 r - a potion of brilliance {unknown}
 s - a potion of curing {unknown}
 z - a potion of berserk rage {unknown}
Books
 c - a book of Minor Magic

   Spells                             Type                      Level
   a - Magic Dart                     Conjuration                  1
   b - Blink                          Translocation                2
   c - Call Imp                       Summoning                    2
   d - Slow                           Hexes                        2
   e - Conjure Flame                  Conjuration/Fire             3
   f - Mephitic Cloud                 Conjuration/Poison/Air       3
Comestibles
 d - 11 rations


   Skills:
 - Level 2.9 Dodging
 - Level 2.5 Stealth
 + Level 7.7 Spellcasting
 * Level 2.8 Conjurations
 + Level 3.4 Summonings
   Level 1.1 Translocations


You had 14 spell levels left.
You knew the following spells:

 Your Spells              Type           Power        Failure   Level  Hunger
a - Magic Dart            Conj           ###.         1%          1    None
b - Call Imp              Summ           ####....     2%          2    None
c - Mephitic Cloud        Conj/Pois/Air  ##......     13%         3    None


Dungeon Overview and Level Annotations

Branches:
Dungeon (4/15)
 Temple: D:4-7

Altars:


Message History

The puff of frost hits you!
Casting: Call Imp
Confirm with . or Enter, or press ? or * to list all spells.
A beastly little devil appears in a puff of frigid air.
A magic dart appears from out of thin air!
The magic dart hits you! The white imp gestures at you.
The puff of frost hits you!
* * * LOW HITPOINT WARNING * * *
You hear some strange, mumbled words.
A puff of flame appears from out of thin air!
The puff of flame hits your white imp.
Your white imp is burned terribly!
Your white imp dies!
The white imp hits you.
* * * LOW HITPOINT WARNING * * *
The white imp freezes you.
* * * LOW HITPOINT WARNING * * *
The white imp hits you.
You die...

#######
#######.....###############
.....oo..5..#..........#...
?...o.#..o@.#..........#...
......#.o...#..........#...
..... #.....#..(###...##.##
..... #.....#...#####'##'##
.... #.....#..............
#######. #.....#..............
#...#######.....#..............
#....#....#.....#..............
#....#....#.....#..............


You could see a white imp and 4 orcs.

Vanquished Creatures
  A hound (D:3)
  3 dart slugs
  A leopard gecko (D:1)
  3 ball pythons
  9 bats
  A giant cockroach (D:1)
  5 goblins
  8 hobgoblins
  6 jackals (Sewer)
  3 quokkas
  5 frilled lizards
  A jackal skeleton (D:4)
  12 kobolds
  5 rats
63 creatures vanquished.

Vanquished Creatures (collateral kills)
  An ogre (D:4)
  A hound (D:3)
  A bullfrog skeleton (D:4)
  An iguana (D:4)
  An orc wizard (D:4)
  2 worker ants (D:4)
  9 gnolls
  4 adders
  A river rat (D:3)
  3 worms
  A dart slug (D:4)
  3 orcs (D:4)
  5 ball pythons
  3 giant cockroaches
  7 jackals
  2 frilled lizards
  3 kobolds
  2 rats
50 creatures vanquished.

Grand Total: 113 creatures vanquished

Notes
Turn   | Place    | Note
-------+----------+-------------------------------------------
     0 | D:1      | lotte the Deep Elf Wizard began the quest for the Orb.
     0 | D:1      | Reached XP level 1. HP: 10/10 MP: 7/7
   362 | D:1      | Reached skill level 5 in Spellcasting
   366 | D:1      | Reached XP level 2. HP: 15/15 MP: 1/10
   599 | D:1      | Learned a level 2 spell: Call Imp
  1457 | D:2      | Reached XP level 3. HP: 19/19 MP: 6/12
  2479 | D:2      | Reached skill level 6 in Spellcasting
  2840 | D:3      | Reached XP level 4. HP: 15/24 MP: 3/14
  2944 | D:3      | Found a glowing drain.
  2964 | Sewer    | Entered a sewer
  4511 | D:3      | Reached XP level 5. HP: 28/28 MP: 13/16
  5214 | D:4      | Reached skill level 7 in Spellcasting
  5313 | D:4      | Noticed an ogre
  5323 | D:4      | Killed an ogre
  5449 | D:4      | Reached XP level 6. HP: 29/32 MP: 13/18
  5680 | D:4      | Learned a level 3 spell: Mephitic Cloud
  5996 | D:4      | HP: 1/32 [white imp[the player character] (5)]
  5998 | D:4      | Slain by a white imp

Skill      XL: |  1  2  3  4  5 |
---------------+----------------+-----
Spellcasting   | 5 6 7 |  7.7
Summonings     | 2 3 |  3.4
Conjurations   | 2 |  2.8
Dodging        | |  2.9
Stealth        | |  2.5
Translocations | |  1.1

Action                   |  1- 3 |  4- 6 || total
-------------------------+-------+-------++-------
Melee: Unarmed           |     5 |       ||     5
       Club              |     3 |       ||     3
       Spear             |       |     1 ||     1
 Cast: Magic Dart        |    97 |    48 ||   145
       Call Imp          |    16 |    59 ||    75
  Eat: Chunk             |     5 |    10 ||    15
Armor: Robe              |     6 |     9 ||    15
Dodge: Dodged            |    28 |    34 ||    62
